 Dungeon Crawl Stone Soup version 0.21-a0-241-g2cbab09 (webtiles) character file.

807 tidbits the Insei (level 7, -3/52 HPs)
             Began as a Demigod Transmuter on Sept 3, 2017.
             Killed by divine providence
             ... invoked by an orc priest
              (11 damage)
             ... on level 6 of the Dungeon.
             The game lasted 00:18:49 (2740 turns).

tidbits the Insei (Demigod Transmuter)              Turns: 2740, Time: 00:18:49

Health: -3/52      AC:  2    Str: 13    XL:     7   Next: 34%
Magic:  21/22      EV: 19    Int: 24    God:
Gold:   109        SH:  0    Dex: 21    Spells: 4/10 levels left

rFire    . . .     SeeInvis .     - Unarmed
rCold    . . .     Gourm    .   (shield currently unavailable)
rNeg     . . .     Faith    .   (armour currently unavailable)
rPois    x         Spirit   .   (helmet currently unavailable)
rElec    .         Reflect  .   (cloak currently unavailable)
rCorr    .         Harm     .   (gloves currently unavailable)
MR       .....                  (boots currently unavailable)
Stlth    ++........             (no amulet)
HPRegen  0.17/turn              H - ring of magical power
MPRegen  0.18/turn              A - +3 ring of intelligence

@: spider-form (expiring)
A: high mp 1
a: End Transformation


You were on level 6 of the Dungeon.
You were not hungry.
You were a venomous arachnid creature.
You visited 1 branch of the dungeon, and saw 7 of its levels.

You collected 247 gold pieces.
You spent 138 gold pieces at shops.

Inventory:

Hand Weapons
 b - a +0 hunting sling (melded)
Missiles
 a - 113 arrows
 e - 71 stones (quivered)
 g - 16 poisoned needles
 t - 7 sling bullets
Armour
 B - a +2 leather armour of fire resistance (melded)
   (You found it on level 5 of the Dungeon)
 C - a +0 cloak (melded)
 E - a +0 helmet
 F - a +0 robe
Jewellery
 y - an uncursed ring of positive energy
   (You found it on level 4 of the Dungeon)
 z - an uncursed ring of protection from fire
   (You found it on level 6 of the Dungeon)
 A - a +3 ring of intelligence (right front leg)
   (You found it on level 4 of the Dungeon)
 H - a ring of magical power (left front leg)
   (You found it on level 5 of the Dungeon)
Wands
 u - a wand of enslavement (11/24)
 D - a wand of random effects (26/48)
Scrolls
 i - 3 scrolls of fear {unknown}
 j - a scroll of magic mapping {unknown}
 l - a scroll of fog {unknown}
 m - a scroll of remove curse {unknown}
 n - a scroll of teleportation {unknown}
 o - a scroll of immolation {unknown}
 r - 3 scrolls of blinking
 v - a scroll of random uselessness {unknown}
 I - a scroll of amnesia {unknown}
Potions
 h - 2 potions of agility
 k - 3 potions of curing
 q - a potion of berserk rage
 s - 2 potions of might
 w - a potion of lignification
 K - a potion of degeneration {unknown}
Books
 c - a book of Changes

   Spells                             Type                      Level
   a - Beastly Appendage              Transmutation                1
   b - Sticks to Snakes               Transmutation                2
   c - Spider Form                    Transmutation/Poison         3
   d - Ice Form                       Ice/Transmutation            4
   e - Blade Hands                    Transmutation                5
 G - a book of Callings
   (You found it on level 5 of the Dungeon)

   Spells                             Type                      Level
   a - Summon Small Mammal            Summoning                    1
   b - Call Imp                       Summoning                    2
   c - Call Canine Familiar           Summoning                    3
   d - Summon Guardian Golem          Hexes/Summoning              3
   e - Summon Lightning Spire         Summoning/Air                4
   f - Summon Ice Beast               Ice/Summoning                4
Comestibles
 d - 4 bread rations
 f - a chunk of flesh
 p - 9 fruits
 x - 3 meat rations


   Skills:
 + Level 1.0 Fighting
 + Level 1.7 Dodging
 * Level 6.8 Unarmed Combat
 - Level 2.1 Spellcasting
 + Level 4.7 Transmutations


You had 4 spell levels left.
You knew the following spells:

 Your Spells              Type           Power        Failure   Level  Hunger
e - Beastly Appendage     Tmut           ####..       7%          1    None
k - Sticks to Snakes      Tmut           ####....     10%         2    ##.....
p - Spider Form           Tmut/Pois      ##........   30%         3    ###....


Dungeon Overview and Level Annotations

Branches:
Dungeon (7/15)             Temple (0/1) D:4

Shops:
D:5 *


Innate Abilities, Weirdness & Mutations

You have an increased reservoir of magic. (+10% MP)
((You have a beak for a mouth.))
((Your system is resistant to poisons. (rPois)))


Message History

Your transformation has ended.
Your +0 hunting sling unmelds from your body.
Your +0 cloak unmelds from your body.
Your +2 leather armour of fire resistance unmelds from your body.
You feel resistant to fire.
Eating one of 6 chunks of flesh.
You eat one of the 6 chunks of flesh.
This raw flesh tastes terrible.
There is a stone staircase leading down here.
You climb downwards.
There is a stone staircase leading up here.
Some of the chunks of flesh in your inventory have rotted away.
There is a stone staircase leading down here.
You climb downwards.
There is a stone staircase leading up here.
There is a stone staircase leading down here.
An orc comes into view. It is wielding a club.
The orc shouts!
Casting: Spider Form
Confirm with . or Enter, or press ? or * to list all spells.
You turn into a venomous arachnid creature.
Your +0 hunting sling melds into your body.
Your +0 cloak melds into your body.
Your +2 leather armour of fire resistance melds into your body.
You feel less resistant to fire.
An orc comes into view. It is wielding a short sword.
An orc priest comes into view.
The orc shouts!
The orc priest looks encouraged for a moment.
You bite the orc!
You kill the orc!
An orc priest and an orc wizard come into view.
The orc priest calls down the wrath of Beogh upon you.
Beogh smites you!
Things that are here:
a club; an orc corpse You hit the orc.
The orc is severely wounded.
The orc closely misses you.
You bite the orc!
You kill the orc!
Casting: Spider Form
Confirm with . or Enter, or press ? or * to list all spells.
You create a snake!
You now have 113 arrows.
The orc priest closely misses your ball python.
You swap places.
The orc priest barely misses you.
Items here: )) †† a short sword; a club; an orc corpse x2
The orc wizard looks braver for a moment.
The orc priest completely misses you.
The orc priest calls down the wrath of Beogh upon you.
Beogh smites you!
Your ball python bites the orc priest.
Your ball python closely misses the orc priest.
You hit the orc priest but do no damage.
The orc priest is lightly wounded.
The orc priest misses you.
Your ball python barely misses the orc priest. x2
The orc priest calls down the wrath of Beogh upon you.
Beogh smites you!
* * * LOW HITPOINT WARNING * * *
You bite the orc priest!
The orc priest is severely wounded.
Your transformation is almost over.
The orc priest mumbles some strange prayers to Beogh against you.
Pain shoots through your body!
* * * LOW HITPOINT WARNING * * *
Your ball python bites the orc priest but does no damage.
Your ball python barely misses the orc priest.
You feel much better.
The orc priest mumbles some strange prayers to Beogh against you.
Beogh smites you!
The orc wizard mumbles some strange words.
The orc wizard flickers and vanishes!
Deactivating autopickup; reactivate with Ctrl-A.
Your ball python bites the orc priest.
Your ball python barely misses the orc priest.
The orc priest hits you.
* * * LOW HITPOINT WARNING * * *
You hit the orc priest but do no damage.
The orc priest is poisoned.
The orc priest is almost dead.
The orc priest mumbles some strange prayers to Beogh against you.
Beogh smites you!
* * * LOW HITPOINT WARNING * * *
Your ball python bites the orc priest.
The orc priest dies!
Your Fighting skill increases to level 1!
Your ball python looks stronger.
You closely miss the orc priest. The orc priest closely misses you.
You hit the orc priest but do no damage.
The orc priest is poisoned.
The orc priest hits you.
* * * LOW HITPOINT WARNING * * *
You hit the orc priest.
The orc priest is heavily wounded.
The orc priest hits you but does no damage.
You hit the orc priest.
The orc priest looks as sick as possible!
The orc priest is severely wounded.
The orc priest calls down the wrath of Beogh upon you.
Beogh smites you!
You die...

#.# #.. #.# #######.###..
#.# ............. #.#
######.###.# #.## # #.#
#.# #.##.# #.# #.# #.##.#
#.###.#
##########[#.#.#####.##...
.......{osS.###...........
##########)#.#.#.#######.#
#.##.#...........
#.##.#........... #.#
#.##......[.....# #.#
#.####.######### #.# #.#
#.# ### #.# #.# #.# #..
#.# ###>####.# #.#


You could see an orc priest and a friendly ball python.

Vanquished Creatures
  The ghost of tidbits the Insei, a novice DgTm (D:5)
  A sky beast (D:5)
  A centaur (D:6)
  Blork the orc (D:5)
  2 hounds
  An orc priest (D:5)
  Jessica (D:3)
  An iguana (D:5)
  2 worker ants
  An orc wizard (D:5)
  A hound zombie (D:5)
  Robin (D:3)
  3 adders
  An ooze (D:1)
  3 adder zombies
  A dart slug (D:2)
  A worm (D:4)
  2 leopard geckos
  6 orcs
  2 giant cockroaches
  9 goblins
  9 hobgoblins
  2 jackals (D:2)
  3 kobolds
  A quokka (D:2)
  3 bats (D:2)
  2 frilled lizards
62 creatures vanquished.

Vanquished Creatures (collateral kills)
  An orc priest (D:6)
  A worm (D:3)
  2 orcs (D:3)
4 creatures vanquished.

Grand Total: 66 creatures vanquished

Notes
Turn   | Place    | Note
-------+----------+-------------------------------------------
     0 | D:1      | tidbits the Demigod Transmuter began the quest for the Orb.
     0 | D:1      | Reached XP level 1. HP: 15/15 MP: 5/5
    84 | D:1      | Reached skill level 2 in Spellcasting
   161 | D:1      | Reached XP level 2. HP: 14/22 MP: 5/7
   166 | D:1      | Learned a level 2 spell: Sticks to Snakes
   208 | D:1      | Reached skill level 2 in Transmutations
   283 | D:2      | Reached skill level 3 in Unarmed Combat
   583 | D:3      | Noticed Robin
   596 | D:3      | Killed Robin
   596 | D:3      | Reached XP level 3. HP: 12/27 MP: 3/8
   633 | D:2      | Learned a level 3 spell: Spider Form
   670 | D:2      | Found a glowing silver altar of Zin.
   794 | D:3      | Noticed Jessica
   807 | D:3      | Killed Jessica
  1064 | D:4      | Found a staircase to the Ecumenical Temple.
  1081 | D:4      | Reached XP level 4. HP: 31/34 MP: 5/9
  1180 | D:5      | Entered Level 5 of the Dungeon
  1257 | D:5      | Reached skill level 4 in Unarmed Combat
  1294 | D:5      | Noticed a sky beast
  1341 | D:5      | Killed a sky beast
  1341 | D:5      | Reached skill level 3 in Transmutations
  1341 | D:5      | Reached XP level 5. HP: 18/39 MP: 8/11
  1482 | D:5      | Reached skill level 5 in Unarmed Combat
  1503 | D:5      | Found Tyruw's General Store.
  1505 | D:5      | Noticed Blork the orc
  1530 | D:5      | Gained mutation: You have a beak for a mouth. [potion of mutation]
  1530 | D:5      | Gained mutation: Your system is resistant to poisons. (rPois) [potion of mutation]
  1544 | D:5      | Killed Blork the orc
  1553 | D:5      | Bought a scroll of blinking for 90 gold pieces
  1553 | D:5      | Bought a potion of might for 48 gold pieces
  1627 | D:5      | HP: 3/39 [iguana (7)]
  1629 | D:5      | Reached XP level 6. HP: 24/46 MP: 12/12
  1655 | D:5      | Noticed tidbits's ghost (novice DgTm)
  2015 | D:3      | Reached skill level 4 in Transmutations
  2211 | D:5      | Killed tidbits's ghost
  2211 | D:5      | Reached skill level 6 in Unarmed Combat
  2211 | D:5      | Reached XP level 7. HP: 15/51 MP: 12/13
  2280 | D:7      | Found a bloodstained altar of Trog.
  2734 | D:6      | HP: 4/51 [orc priest/nerve-wracking pain (9)]
  2736 | D:6      | Reached skill level 1 in Fighting
  2740 | D:6      | Killed from afar by an orc priest

Vault maps used:
D:1:      minmay_arrival_widening_spiral_wide
D:2:      zin_academy, first_bread
D:3:      uniq_jessica, uniq_robin
D:4:      temple_doors_e
D:5:      serial_shops, kennysheep_little_box, uniq_blork_the_orc
D:7:      basic_altar, uniq_duvessa, uniq_menkaure

Skill      XL: |  1  2  3  4  5  6  7 |
---------------+----------------------+-----
Spellcasting   | 2 |  2.1
Transmutations | 2 3 4 |  4.7
Unarmed Combat | 3 4 5 6 |  6.8
Fighting       | 1 |  1.0
Dodging        | |  1.7

Action                   |  1- 3 |  4- 6 |  7- 9 || total
-------------------------+-------+-------+-------++-------
Melee: Unarmed           |    58 |    69 |    39 ||   166
       Kick              |     4 |       |       ||     4
       Headbutt          |     2 |       |       ||     2
       Punch             |     1 |       |       ||     1
       Hunting sling     |     1 |       |       ||     1
 Fire: Hunting sling     |    30 |    11 |       ||    41
 Cast: Beastly Appendage |     9 |       |       ||     9
       Sticks to Snakes  |     2 |    11 |     4 ||    17
       Spider Form       |     4 |    19 |     6 ||    29
Evoke: Wand              |       |     2 |       ||     2
  Use: Potion            |     1 |     2 |     1 ||     4
       Scroll            |       |     8 |       ||     8
 Stab: Sleeping          |       |     1 |       ||     1
       Distracted        |       |     1 |       ||     1
  Eat: Chunk             |     1 |     5 |     3 ||     9
       Royal jelly       |       |     1 |       ||     1
Armor: Robe              |     9 |       |       ||     9
       Skin              |     3 |     5 |     3 ||    11
       Leather armour    |       |     3 |     1 ||     4
Dodge: Dodged            |    32 |    46 |    29 ||   107

Table legend:
 A = Spawn XP
 B = Non-spawn XP
 C = Spawn XP percentage of total XP
 D = Spawn monster count
 E = Non-spawn monster count
 F = Spawn count percentage of total count
 G = Total turns spent on level
                    A         B        C        D         E        F      G
               +---------+---------+-------+---------+---------+-------+---------
         Total |      99 |    1055 |   8.6 |       5 |      61 |   7.6 |  2740
               +---------+---------+-------+---------+---------+-------+---------
           D:1 |       2 |      14 |  12.5 |       1 |       5 |  16.7 |   234
           D:2 |       0 |      23 |   0.0 |       0 |      12 |   0.0 |   428
           D:3 |       0 |      87 |   0.0 |       0 |      18 |   0.0 |   445
           D:4 |       0 |      56 |   0.0 |       0 |       6 |   0.0 |   502
           D:5 |      97 |     656 |  12.9 |       4 |      11 |  26.7 |   827
           D:6 |       0 |     211 |   0.0 |       0 |       7 |   0.0 |   292
           D:7 |       0 |       8 |   0.0 |       0 |       2 |   0.0 |    12
               +---------+---------+-------+---------+---------+-------+---------

Table legend:
 A = Turns spent in this place as a percentage of turns spent in the entire game.
 B = Non-inter-level travel turns spent in this place as a percentage of non-inter-level travel turns spent in the entire game.
 C = Inter-level travel turns spent in this place as a percentage of turns spent in this place.
 D = Turns resting spent in this place as a percentage of non-inter-level travel turns spent in this place.
 E = Turns spent auto-exploring this place as a percentage of non-inter-level travel turns spent in this place.
 F = Non-inter-level travel turns spent in this place divided by the number of levels of this place that you've seen.
                   A       B       C       D       E      F
               +-------+-------+-------+-------+-------+----------------------
         Total | 100.0 | 100.0 |  11.9 |   0.0 |   0.0 | 345.0
       Dungeon | 100.0 | 100.0 |  11.9 |   0.0 |   0.0 | 345.0
               +-------+-------+-------+-------+-------+----------------------

Table legend:
 A = Kills in this place as a percentage of kills in entire the game.
 B = Kills by you in this place as a percentage of kills by you in the entire game.
 C = Kills by friends in this place as a percentage of kills by friends in the entire game.
 D = Other kills in this place as a percentage of other kills in the entire game.
 E = Experience gained in this place as a percentage of experience gained in the entire game.
 F = Experience gained in this place divided by the number of levels of this place that you have seen.
                   A       B       C       D       E      F
               +-------+-------+-------+-------+-------+----------------------
         Total | 100.0 | 100.0 | 100.0 |   N/A | 100.0 | 164.9
       Dungeon | 100.0 | 100.0 | 100.0 |   N/A | 100.0 | 164.9
               +-------+-------+-------+-------+-------+----------------------

Vault maps used:
D:1:      minmay_arrival_widening_spiral_wide
D:2:      zin_academy, first_bread
D:3:      uniq_jessica, uniq_robin
D:4:      temple_doors_e
D:5:      serial_shops, kennysheep_little_box, uniq_blork_the_orc
D:7:      basic_altar, uniq_duvessa, uniq_menkaure
